 Dungeon Crawl Stone Soup version 0.30-a0-883-g5ad918d77d (webtiles) character file.

Game seed: 5465825405553524253

225 Jeffwins the Chiller (level 6, -5/39 HPs)
             Began as a Human Wanderer on Mar 16, 2023.
             Was an Initiate of Vehumet.
             Killed by nerve-wracking pain
             ... invoked by a shadow imp
             ... summoned by Eustachio
              (9 damage)
             ... on level 4 of the Dungeon.
             The game lasted 00:05:23 (2959 turns).

Jeffwins the Chiller (Human Wanderer)               Turns: 2959, Time: 00:05:24

Health: -5/39      AC:  5    Str:  9 (10) XL:     6   Next: 21%
Magic:  4/10       EV: 10    Int: 15 (16) God:    Vehumet [......]
Gold:   93         SH:  4    Dex: 13      Spells: 7/11 levels left

rFire   . . .      SeeInvis .    a - +0 rapier (flame)
rCold   . . .      Faith    .    b - +0 buckler
rNeg    . . .      Spirit   .    d - +0 robe
rPois   .          Reflect  .    n - +1 helmet
rElec   .          Rampage  .    (no cloak)
rCorr   .                        (no gloves)
Will    .....                    g - +0 pair of boots
Stlth   +                        (no amulet)
HPRegen 0.26/turn                (no ring)
MPRegen 0.12/turn                (no ring)

@: freezing walls, very slightly contaminated
A: frail 1
a: Renounce Religion


You were on level 4 of the Dungeon.
You worshipped Vehumet.
Vehumet was noncommittal.
You visited 1 branch of the dungeon, and saw 4 of its levels.

You collected 209 gold pieces.
You spent 116 gold pieces at shops.


Innate Abilities, Weirdness & Mutations

You are frail. (-10% HP)


   Skills:
 - Level 2.0 Fighting
 + Level 3.1 Shields
 * Level 3.3 Spellcasting
 * Level 5.4 Ice Magic
 - Level 1.0 Evocations


You had 7 spell levels left.
You knew the following spells:

 Your Spells              Type           Power      Damage    Failure   Level
x - Frozen Ramparts       Ice            36%        1d6       9%          3
z - Freeze                Ice            72%        1d8       2%          1

Your spell library contained the following spells:

 Spells                   Type           Power      Damage    Failure   Level
 Apportation              Tloc           4%         N/A       26%         1
 Necrotise                Necr           8%         1d4       26%         1
 Shock                    Conj/Air       8%         1d3       26%         1
 Slow                     Hex            8%         N/A       26%         1
 Summon Small Mammal      Summ           8%         N/A       26%         1
 Confusing Touch          Hex            2%         N/A       61%         3
 Swiftness                Air            2%         N/A       61%         3
 Vampiric Draining        Necr           2%         2d6       61%         3
 Summon Ice Beast         Ice/Summ       10%        N/A       63%         4
 Airstrike                Air            1%         2d(1-17)  95%         4
 Agony                    Necr           2%         N/A       100%        5

Inventory:

Hand Weapons
 a - a +0 rapier of flaming (weapon)
Armour
 b - a +0 buckler (worn)
 d - a +0 robe (worn)
 g - a +0 pair of boots (worn)
 n - a +1 helmet (worn)
 s - the +1 ring mail of Polish {rF++}
   (You found it on level 3 of the Dungeon)

   rF:        It greatly protects you from fire.
Wands
 u - a wand of digging (4)
Scrolls
 c - a scroll of blinking
 i - 2 scrolls of vulnerability {!r}
 p - a scroll of brand weapon
 w - a scroll of enchant armour
Potions
 e - a potion of attraction {unknown}
 f - a potion of heal wounds {unknown}
 h - 2 potions of curing {@q1}
 l - a potion of flight {unknown}
 o - a potion of cancellation {unknown}
 r - 2 potions of brilliance {unknown}
 x - a potion of ambrosia {unknown}
 z - 3 potions of haste {unknown}

Dungeon Overview and Level Annotations

Branches:
Dungeon (4/15)
 Temple: D:4-7

Altars:
Sif Muna
Vehumet

Shops:
D:1 *   D:3 *

Annotations:
D:4 Eustachio

### ...######## ######..
#........###......#
#.....##.#..<......
######..##.##.#.#.######
......†.........#.#
#####c@##.##.###.#
#....5@55...#.# #.#
#.##.######...# #.# #
#..# #.# ##..##.. ##..#
#..


You could see Eustachio, a centaur, an iron imp (summoned), a shadow imp
(summoned) and an ufetubus (summoned).


Message History

The wall freezes Eustachio but does no damage.
Eustachio hits you but does no damage.
The wall freezes the centaur but does no damage.
The centaur hits you.
* * * LOW HITPOINT WARNING * * *
You block the centaur's attack.
The wall freezes the shadow imp but does no damage.
The shadow imp barely misses you.
The wall freezes the ufetubus but does no damage.
Unknown command.
Unknown command.
Casting: Freeze (safe; 2% risk of failure)
Confirm with . or Enter, or press ? or * to list all spells.
Aiming: Freeze (safe; 2% risk of failure)
Press: ? - help, Shift-Dir - straight line, f/p - Eustachio
Aim: Eustachio, wielding a +0 falchion and wearing a +0 leather armour (severely wounded)
You miscast Freeze.
You are very lightly contaminated with residual magic.
Nothing appears to happen.
The wall freezes the centaur.
The centaur closely misses you.
The centaur kicks you but does no damage.
The ufetubus resists.
The wall freezes the ufetubus.
The iron imp resists.
The wall freezes the iron imp.
You block the iron imp's attack.
The wall freezes Eustachio!
Eustachio hits you with a +0 falchion.
* * * LOW HITPOINT WARNING * * *
The shadow imp completely resists.
The wall freezes the shadow imp but does no damage.
The shadow imp gestures at you. Pain shoots through your body!
You die...

Skill      XL: |  1  2  3  4  5 |
---------------+----------------+-----
Spellcasting   | 2 3 |  3.3
Ice Magic      | 5 |  5.4
Shields        | 3 |  3.1
Fighting       | |  2.0
Evocations     | |  1.0

Action                     |  1- 3 |  4- 6 || total
---------------------------+-------+-------++-------
  Melee: Dagger            |    40 |    25 ||    65
         Rapier            |       |    27 ||    27
   Cast: Freeze            |    29 |    47 ||    76
         Frozen Ramparts   |       |     3 ||     3
    Use: Scroll            |       |     7 ||     7
         Potion            |       |     5 ||     5
   Stab: Sleeping          |     1 |       ||     1
 Armour: Robe              |    18 |    27 ||    45
         Skin              |       |     7 ||     7
  Dodge: Dodged            |    16 |    54 ||    70
  Block: Buckler           |     6 |    25 ||    31

Levels and vault maps discovered:
D:1:      lightli_arrival_isolated_outpost, layout_basic,
          chequers_ecumenical_altar_lobes, serial_shops, shop_fountains,
          minmay_heptomino_o4
D:2:      layout_loops_ring, minmay_liquid_box, uniq_robin
D:3:      layout_basic, mainiacjoe_overflow_catch_the_wave, serial_shops,
          nicolae_shop_trees, serial_bayou_pond_a, minmay_puff, uniq_ijyb
D:4:      layout_loops_ring, kennysheep_slug_shrine, kennysheep_mini_moat,
          minmay_temple_entry_drinking_statues, gup_sewer_entry_bowl,
          minmay_parallelograms, uniq_sigmund, uniq_crazy_yiuf_cottage,
          uniq_eustachio

Notes
Turn   | Place    | Note
-------+----------+-------------------------------------------
     0 | D:1      | Jeffwins the Human Wanderer began the quest for the Orb.
     0 | D:1      | Jeffwins set off with the following items: a +0 dagger, a
                  | +0 buckler, a scroll of blinking, a +0 robe, a potion of
                  | lignification {!q}; and the following spell memorised:
                  | Freeze; and the following spells available to memorise:
                  | Frozen Ramparts, Summon Ice Beast.
     0 | D:1      | Reached XP level 1. HP: 16/16 MP: 2/2
   116 | D:1      | Reached XP level 2. HP: 21/22 MP: 0/4
   281 | D:1      | Found Mauduk's Assorted Antiques.
   403 | D:1      | Found a faded altar of an unknown god.
   779 | D:2      | Reached XP level 3. HP: 22/27 MP: 0/5
   840 | D:2      | Reached skill level 2 in Spellcasting
   844 | D:2      | Learned a level 3 spell: Frozen Ramparts
  1134 | D:2      | Reached XP level 4. HP: 30/33 MP: 4/7
  1151 | D:2      | Noticed Robin
  1187 | D:2      | Killed Robin
  1819 | D:3      | Found a radiant altar of Vehumet.
  1941 | D:3      | Identified the +1 ring mail of Polish {rF++}
  1949 | D:3      | Became a worshipper of Vehumet
  2052 | D:3      | Noticed Ijyb
  2063 | D:3      | Killed Ijyb
  2064 | D:3      | Reached XP level 5. HP: 25/38 MP: 2/9
  2140 | D:3      | Found Iturytos's Assorted Antiques.
  2146 | D:3      | Bought a scroll labelled BICRAM MIU for 18 gold pieces
  2146 | D:3      | Bought a brown potion for 16 gold pieces
  2146 | D:3      | Bought a bubbling grey potion for 16 gold pieces
  2146 | D:3      | Bought a scroll labelled USUMENL KUOSMY for 18 gold pieces
  2146 | D:3      | Bought a cyan potion for 16 gold pieces
  2146 | D:3      | Bought a bubbling grey potion for 16 gold pieces
  2146 | D:3      | Bought a bubbling grey potion for 16 gold pieces
  2291 | D:3      | Found a shimmering blue altar of Sif Muna.
  2306 | D:3      | Noticed an ice beast
  2309 | D:3      | Reached skill level 5 in Ice Magic
  2663 | D:3      | Gained mutation: You are frail. (-10% HP) [potion of
                  | mutation]
  2669 | D:3      | Killed an ice beast
  2670 | D:3      | Reached skill level 3 in Shields
  2670 | D:3      | Reached skill level 3 in Spellcasting
  2670 | D:3      | Reached XP level 6. HP: 29/39 MP: 8/10
  2953 | D:4      | Noticed Eustachio
  2959 | D:4      | Killed from afar by a shadow imp

Vanquished Creatures
  An ice beast (D:3)
  Ijyb (D:3)
  Robin (D:2)
  4 adders
  2 worms
  3 dart slugs
  5 ball pythons
  A bat (D:1)
  4 endoplasms
  8 goblins
  7 hobgoblins (D:2)
  5 jackals
  4 kobolds
  3 quokkas
  2 frilled lizards
  3 rats
54 creatures vanquished.

Table legend: (Time is in decaauts)
 A = Elapsed time spent in this place.
 B = Non-inter-level travel time spent in this place.
 C = Inter-level travel time spent in this place.
 D = Time resting spent in this place.
 E = Time spent auto-exploring this place.
 F = Levels seen in this place.
 G = Mean time per level.
                   A        B        C        D        E       F      G
               +--------+--------+--------+--------+--------+-----+--------+
         Total |   2978 |   2796 |    182 |    201 |   2057 |   4 |  744.5 |
       Dungeon |   2978 |   2796 |    182 |    201 |   2057 |   4 |  744.5 |
               +--------+--------+--------+--------+--------+-----+--------+

Top non-repeatable levels by time:
     D:2: 1188 daAuts
     D:3: 1085 daAuts
     D:1: 688 daAuts
     D:4: 17 daAuts

Table legend:
 A = Non-vault XP
 B = Vault XP
 C = Vault XP percentage of total XP
 D = Non-vault monster count
 E = Vault monster count
 F = Vault count percentage of total count
                 A         B        C        D         E       F
            +---------+---------+-------+---------+---------+-------
      Total |     235 |      87 |  27.0 |      35 |      19 |  35.2
            +---------+---------+-------+---------+---------+-------
        D:1 |      16 |       7 |  30.4 |       8 |       3 |  27.3
        D:2 |      48 |      35 |  42.2 |      13 |      11 |  45.8
        D:3 |     169 |      45 |  21.0 |      13 |       5 |  27.8
        D:4 |       2 |       0 |   0.0 |       1 |       0 |   0.0
            +---------+---------+-------+---------+---------+-------
